 Seeded DCSS version 0.29-a0-1023-g6ae1a4a2c7 (webtiles) character file.

Game seed: 20220812 (custom seed)

314125 purpskrrrp the Shatterer (level 20, -4/165 HPs)
             Began as a Minotaur Monk on Aug 12, 2022.
             Was the Champion of Hepliaklqana.
             Slain by an orc warlord
             ... wielding a +3 vorpal long sword
              (9 damage)
             ... on level 3 of the Vaults.
             The game lasted 04:34:07 (52693 turns).

purpskrrrp the Shatterer (Minotaur Monk)           Turns: 52693, Time: 04:34:08

Health: -4/165     AC: 24    Str: 34    XL:     20   Next: 48%
Magic:  23/23      EV: 25    Int:  2    God:    Hepliaklqana [******]
Gold:   1246       SH: 16    Dex: 14    Spells: 19/19 levels left

rFire   + . .      SeeInvis .   e - +3 eveningstar (holy)
rCold   + + .      Faith    .   c - +2 kite shield {reflect}
rNeg    . . .      Spirit   .   b - +6 scale mail "Dahigatokk" {rElec Str+4}
rPois   .          Reflect  +   (helmet restricted)
rElec   +          Harm     .   E - scarf {rC+ rF+}
rCorr   .          Rampage  .   V - +2 pair of gloves
Will    +....                   T - +2 pair of boots
Stlth   ..........              u - amulet of the acrobat
HPRegen 0.37/turn               j - ring of Luish {+Blink rC+ EV+4 Str+3 Int-4}
MPRegen 0.18/turn               q - +4 ring of evasion

@: no status effects
A: reduced essence, horns 2, retaliatory headbutt, claws 1, screaming 1, strong
1, evolution 1
}: 2/15 runes: decaying, serpentine
a: Renounce Religion, Evoke Blink, Recall Ancestor, Ancestor Identity,
Transference, Idealise


You were on level 3 of the Vaults.
You worshipped Hepliaklqana.
Hepliaklqana was exalted by your worship.
You visited 9 branches of the dungeon, and saw 36 of its levels.
You also visited: Ossuary.

You collected 3747 gold pieces.
You spent 2501 gold pieces at shops.

Inventory:

Hand Weapons
 e - a +3 eveningstar of holy wrath (weapon)
 f - a +0 demon blade of draining
 x - the +9 great mace of Jaosa {spect, Int+5}
   (You found it on level 14 of the Dungeon)

   When its wielder attacks, the weapon's spirit leaps out and strikes again.
   The spirit shares a part of any damage it takes with its wielder.
   Int:       It affects your intelligence (+5).
 z - a +3 dire flail of holy wrath
 A - a +8 demon trident of draining
Missiles
 s - a throwing net
 C - 6 silver javelins (quivered)
Armour
 b - the +6 scale mail "Dahigatokk" (worn) {rElec Str+4}
   (You found it on level 2 of the Vaults)

   Str:       It affects your strength (+4).
   rElec:     It insulates you from electricity.
 c - a +2 kite shield of reflection (worn)
 m - a +0 crystal plate armour
 E - a scarf of resistance (worn)
 I - +0 swamp dragon scales
 R - the +2 pair of gloves of Qeaclale {+Inv rF+ Int-5}
   (You took it off Nikola on level 4 of the Snake Pit)

   Int:       It affects your intelligence (-5).
   rF:        It protects you from fire.
   +Inv:      It lets you turn invisible.
 T - a +2 pair of boots (worn)
 U - the +4 ring mail "Irraurom" {rF+ rN+ Str+3}
   (You found it on level 7 of the Dungeon)

   Str:       It affects your strength (+3).
   rF:        It protects you from fire.
   rN:        It protects you from negative energy.
 V - a +2 pair of gloves (worn)
Jewellery
 a - a ring of protection from cold
 g - a ring of positive energy
 h - a ring of flight
 j - the ring of Luish (left hand) {+Blink rC+ EV+4 Str+3 Int-4}
   (You bought it in a shop on level 1 of the Snake Pit)

   [ring of evasion]

   EV:        It affects your evasion (+4).
   Str:       It affects your strength (+3).
   Int:       It affects your intelligence (-4).
   rC:        It protects you from cold.
   +Blink:    It lets you blink.
 l - a +6 ring of dexterity
 q - a +4 ring of evasion (right hand)
 t - a +6 ring of dexterity
 u - an amulet of the acrobat (around neck)
 y - a ring of protection from cold
 F - an amulet of faith
 G - a ring of resist corrosion
 O - a +4 ring of protection
 P - a ring of positive energy
 Q - a ring of fire
Wands
 p - a wand of paralysis (37)
 v - a wand of roots (19)
 B - a wand of mindburst (14)
 D - a wand of flame (66)
 M - a wand of digging (2)
 X - a wand of polymorph (5)
Scrolls
 d - 16 scrolls of teleportation
 n - a scroll of poison
 H - 3 scrolls of amnesia
 L - 3 scrolls of fog
 N - a scroll of blinking
Potions
 i - 7 potions of curing
 k - 4 potions of flight
 o - 6 potions of brilliance
 r - 4 potions of mutation
 w - 2 potions of magic
 K - 2 potions of cancellation
 W - a potion of invisibility
Miscellaneous
 J - a phantom mirror
 S - a condenser vane


   Skills:
 + Level 17.1 Fighting
 - Level 5.1 Short Blades
 * Level 23.3 Maces & Flails
 + Level 16.7 Armour
 + Level 15.9 Dodging
 - Level 1.5 Stealth
 + Level 16.1 Shields
 + Level 15.5 Unarmed Combat
 + Level 6.3 Invocations


You had 19 spell levels left.
You didn't know any spells.
Your spell library contained the following spells:

 Spells                   Type           Power      Damage    Failure   Level
 Beastly Appendage        Tmut           0%         N/A       86%         1
 Foxfire                  Conj/Fire      0%         2x1d4     86%         1
 Shock                    Conj/Air       0%         1d3       86%         1
 Slow                     Hex            0%         N/A       86%         1
 Sting                    Tmut/Pois      0%         1d3       86%         1
 Summon Small Mammal      Summ           0%         N/A       86%         1
 Poisonous Vapours        Pois/Air       0%         N/A       94%         2
 Sublimation of Blood     Necr           0%         N/A       94%         2
 Wereblood                Tmut           0%         N/A       94%         2
 Call Canine Familiar     Summ           0%         N/A       99%         3
 Confusing Touch          Hex            0%         N/A       99%         3
 Conjure Flame            Conj/Fire      0%         6-21      99%         3
 Dazzling Flash           Conj/Hex       0%         N/A       99%         3
 Ignite Poison            Fire/Tmut/Pois 0%         N/A       99%         3
 Inner Flame              Hex/Fire       0%         N/A       99%         3
 Mephitic Cloud           Conj/Pois/Air  0%         N/A       99%         3
 Spider Form              Tmut/Pois      0%         N/A       99%         3
 Stone Arrow              Conj/Erth      0%         3d7       99%         3
 Summon Guardian Golem    Hex/Summ       0%         N/A       99%         3
 Swiftness                Air            0%         N/A       99%         3
 Tukima's Dance           Hex            0%         N/A       99%         3
 Vampiric Draining        Necr           0%         2d6       99%         3
 Airstrike                Air            0%         2d(0-16)  100%        4
 Animate Armour           Summ/Erth      0%         N/A       100%        4
 Corpse Rot               Necr/Pois/Air  0%         N/A       100%        4
 Flame Wave               Conj/Fire      0%         2d4       100%        4
 Fulminant Prism          Conj/Hex       0%         3d6       100%        4
 Hailstorm                Conj/Ice       0%         3d3       100%        4
 Ice Form                 Ice/Tmut       0%         N/A       100%        4
 Iskenderun's Mystic Bla  Conj/Tloc      0%         2d3       100%        4
 Leda's Liquefaction      Hex/Erth       0%         N/A       100%        4
 Olgreb's Toxic Radiance  Pois           0%         N/A       100%        4
 Passage of Golubria      Tloc           0%         N/A       100%        4
 Petrify                  Tmut/Erth      0%         N/A       100%        4
 Summon Lightning Spire   Summ/Air       0%         N/A       100%        4
 Agony                    Necr           0%         N/A       100%        5
 Freezing Cloud           Conj/Ice/Air   0%         6-21      100%        5
 Irradiate                Conj/Tmut      0%         3d11      100%        5
 Lee's Rapid Deconstruct  Erth           0%         3d5*      100%        5
 Silence                  Hex/Air        0%         N/A       100%        5
 Summon Forest            Summ/Tloc      0%         N/A       100%        5
 Summon Mana Viper        Hex/Summ       0%         N/A       100%        5
 Yara's Violent Unravell  Hex/Tmut       0%         3d3       100%        5
 Conjure Ball Lightning   Conj/Air       0%         3x3d6     100%        6
 Simulacrum               Ice/Necr       0%         N/A       100%        6
 Statue Form              Tmut/Erth      0%         N/A       100%        6
 Summon Cactus Giant      Summ           0%         N/A       100%        6
 Orb of Destruction       Conj           0%         9d5       100%        7
 Spellforged Servitor     Conj/Summ      0%         N/A       100%        7
 Storm Form               Tmut/Air       0%         N/A       100%        7
 Discord                  Hex            0%         N/A       100%        8
 Disjunction              Tloc           0%         N/A       100%        8
 Lehudib's Crystal Spear  Conj/Erth      0%         10d2      100%        8
 Maxwell's Capacitive Co  Air            0%         ∞         100%        8
 Polar Vortex             Ice            0%         N/A       100%        9


Dungeon Overview and Level Annotations

Branches:
Dungeon (15/15)            Temple (0/1) D:7            Lair (5/5) D:8
  Swamp (4/4) Lair:3        Snake (4/4) Lair:2        Slime (1/5) Lair:5
    Orc (2/2) D:11            Elf (1/3) Orc:2        Vaults (3/5) D:14
 Depths (1/4) D:15        Ossuary (visited)
  Crypt: Vaults:2-3

Altars:
Dithmenos
Fedhas
Hepliaklqana
Kikubaaqudgha
Makhleb
Nemelex Xobeh
Okawaru
Qazlal
Vehumet
Xom
Jiyva

Shops:
D:2 (   D:7 (   D:8 (   Orc:2 ***[   Snake:1 :==   Snake:2 =*[[   Vaults:1 :!
Vaults:2 *(!


Innate Abilities, Weirdness & Mutations

Your life essence is reduced to manifest your ancestor. (-10% HP)
You have a pair of horns on your head.
You reflexively headbutt those who attack you in melee.
You have sharp fingernails.
You occasionally shout uncontrollably at your foes.
Your muscles are strong. (Str +4, Int/Dex -1)
You have hidden genetic potential.


Message History

The orc knight completely misses you. You furiously retaliate!
You headbutt the orc knight! You block the orc warlord's attack.
You puncture the orc warlord!
The orc warlord is severely wounded.
You block the orc knight's attack. You block the orc warlord's attack.
The orc warlord blocks your attack.
You headbutt the orc warlord, but do no damage.
The orc warlord is severely wounded.
Synnove points at the orc knight and mumbles some strange words.
The stone arrow hits the orc knight!
Synnove casts a spell at the orc knight.
The stone arrow hits the orc knight!!
The orc knight hits you with a +0 war axe!
The orc warlord hits you with a +3 vorpal long sword!
The orc warlord blocks your attack. x2
The orc warlord is severely wounded.
You hit the orc warlord.
The orc warlord is severely wounded.
The orc warlord no longer looks unusually strong.
The orc knight roars a battlecry!
The orc warlord goes into a battle-frenzy!
You block the orc warlord's attack.
Synnove gestures at the orc knight while chanting.
The stone arrow hits the orc knight!!
You thump the orc warlord!
The orc warlord is almost dead.
Synnove gestures at the orc knight while chanting.
The bolt of magma hits the orc knight!!!
The orc knight dies!
The bolt of magma hits the orc knight!!
You block the orc warlord's attack.
You hit the orc warlord but do no damage.
The orc warlord is almost dead.
You block the orc knight's attack.
The orc warlord hits you with a +3 vorpal long sword!!!
* * * LOW HITPOINT WARNING * * *
You swap places.
The orc warlord attacks as you move away!
The orc warlord hits you with a +3 vorpal long sword!!!
* * * LOW HITPOINT WARNING * * *
You die...

##.. #..##.........#
#
#.....###.........#
# ##### ##'#########
# #....#.# #
##....## # ##....# #
##...# # ###
##..######## ## #.##
##..@o...... .#
#..## ##...#o....#.
.#
#...####....#....##
.#
#....##....^#.......
.#
##..........#..#....
.#
#.#.........#.##....
.# #####+#######..
... ## .. ..


You could see the friendly Synnove the battlemage (fast), an orc warlord
(strong, ally target) and an orc knight (strong).

Vanquished Creatures
  Mara (Vaults:1)
  Sojobo (Vaults:2)
  Mlioglotl (Snake:4)
  Rupert (Orc:2)
  A quicksilver dragon (Vaults:1)
  A thorn hunter (Swamp:3)
  Donald (Orc:2)
  A fenstrider witch (Swamp:4)
  5 nagarajas
  An orc warlord (D:11)
  5 vault wardens
  Aizul (Snake:4)
  A stone giant (Depths:1)
  An ironbound thunderhulk (Vaults:2)
  3 ironbound preservers
  A very ugly thing (Vaults:2)
  4 bunyips
  15 dire elephants
  Azrael (D:12)
  4 eleionomae
  2 ettins
  A great orb of eyes (Lair:2)
  A shambling mangrove (Swamp:3)
  A yaktaur captain (Vaults:2)
  5 salamander tyrants
  6 vault guards (D:14)
  2 ghost crabs
  21 hydras
  4 boulder beetles
  2 catoblepae (Lair:5)
  12 naga warriors
  10 anacondas
  3 ironbound frosthearts
  12 centaur warriors
  6 alligators
  6 two-headed ogres
  3 tengu warriors
  2 death knights
  3 death yaks (Lair:5)
  Urug (Orc:2)
  8 naga sharpshooters
  2 orc high priests
  5 shock serpents
  Nergalle (D:12)
  A deep elf knight (Orc:1)
  9 deep trolls
  A salamander mystic (Snake:2)
  A skeletal warrior (D:14)
  3 goliath frogs
  2 bog bodies (Lair:3)
  5 spriggan druids
  3 ironbound convokers
  5 naga ritualists
  5 swamp dragons
  3 lindwurms
  2 necromancers (D:15)
  2 statues (D:12)
  6 mana vipers
  12 orc knights
  2 deep elf zephyrmancers (Orc:1)
  5 orc sorcerers
  An oklob plant (Lair:5)
  2 cyclopes
  3 will-o-the-wisps
  6 manticores
  20 ugly things
  5 elephants
  8 salamanders
  37 black mambas
  A vault sentinel (Vaults:1)
  2 guardian serpents (Snake:4)
  9 naga magi
  A torpor snail (Lair:5)
  A cane toad (shapeshifter) (D:14)
  4 cane toads
  2 rime drakes
  A gargoyle (D:14)
  2 unseen horrors
  A rime drake (shapeshifter) (D:15)
  4 komodo dragons
  12 yaktaurs
  An efreet (D:13)
  2 freezing wraiths (D:14)
  A tengu conjurer (D:13)
  6 trolls
  6 tyrant leeches
  A tarantella (shapeshifter) (D:15)
  A polar bear (Lair:4)
  5 hornets
  5 dream sheep (Lair:5)
  21 slime creatures
  25 blink frogs
  10 spriggans
  4 fire elementals
  5 wyverns
  A shadow (D:12)
  2 wraiths
  51 yaks
  4 basilisks
  A hog (D:12)
  4 vampire mosquitoes
  A steam dragon (D:9)
  A human simulacrum (Vaults:2)
  3 acid dragons
  28 nagas
  3 wargs
  5 swamp worms
  A swamp drake (D:11)
  11 water moccasins
  12 orc warriors
  3 sky beasts
  2 ice beasts
  3 black bears
  A battlemage (D:14)
  2 ogres (Orc:2)
  9 wolves
  20 centaurs
  A phantom (D:4)
  A kobold brigand (D:8)
  4 bullfrogs
  2 necrophages
  A gnoll sergeant (D:13)
  7 scorpions
  3 wights
  6 howler monkeys
  A crimson imp (D:3)
  2 centaur zombies (Ossuary)
  2 jellies
  3 human zombies (Ossuary)
  9 orc priests
  2 hounds (D:5)
  A gnoll bouda (D:6)
  3 scorpion zombies (Ossuary)
  Natasha (twice) (D:4)
  13 orc wizards
  3 hell rats (Lair:4)
  3 mummies (Ossuary)
  5 gnolls
  7 adders
  2 shadow imps
  2 white imps
  4 worms
  2 dart slugs
  38 orcs
  7 endoplasms
  A giant cockroach (D:2)
  4 goblins
  3 hobgoblins
  4 jackals (D:4)
  A quokka (D:1)
  3 ball pythons
  4 bats
  3 frilled lizards
  A gnoll zombie (Ossuary)
  A hobgoblin zombie (Ossuary)
  5 kobolds
  A kobold zombie (Ossuary)
  An orc zombie (Ossuary)
  6 rats
  A briar patch (Swamp:4)
  2 bushes (D:12)
796 creatures vanquished.

Vanquished Creatures (collateral kills)
  Nikola (Snake:4)
  A thorn hunter (Swamp:4)
  Kirke (D:12)
  3 tengu reavers
  3 nagarajas (Snake:4)
  3 vault wardens
  A frost giant (Vaults:2)
  A deep elf sorcerer (Vaults:3)
  5 ironbound preservers
  5 very ugly things
  3 ironbound thunderhulks
  A stone giant (Vaults:1)
  10 dire elephants
  A bunyip (Swamp:4)
  A shambling mangrove (Swamp:4)
  A yaktaur captain (Vaults:1)
  A boulder beetle (Vaults:2)
  2 vault guards (D:14)
  The ghost of Qyacsuop the Corrupter of Planes, a journeyman DsAK of Lugonu (Lair:2)
  2 ironbound frosthearts
  An ogre mage (Orc:2)
  A catoblepas (Lair:5)
  6 hydras
  5 centaur warriors
  5 naga warriors
  4 anacondas
  A ghost crab (Swamp:1)
  3 death yaks (Lair:5)
  2 alligators
  A two-headed ogre (D:12)
  A naga sharpshooter (Snake:2)
  A shock serpent (Snake:4)
  A tengu warrior (D:15)
  2 spriggans
  2 orc high priests (Orc:2)
  A salamander mystic (Snake:4)
  A goliath frog (Swamp:2)
  5 deep trolls
  A spriggan druid (Swamp:2)
  A naga ritualist (Snake:4)
  5 swamp dragons
  9 lindwurms
  A deep elf zephyrmancer (Orc:1)
  6 ironbound convokers
  4 orc knights
  A phantasmal warrior (Vaults:1)
  An orc sorcerer (Orc:2)
  2 mana vipers (Snake:4)
  2 slime creatures (Vaults:1)
  A manticore (D:13)
  6 ugly things
  3 elephants
  3 salamanders
  6 naga magi
  3 guardian serpents (Snake:4)
  13 black mambas
  5 vault sentinels
  A molten gargoyle (Lair:5)
  A cane toad (Lair:3)
  11 yaktaurs
  2 rime drakes
  2 freezing wraiths
  A komodo dragon (Lair:2)
  3 hornets
  A slime creature (shapeshifter) (Vaults:2)
  3 tyrant leeches
  9 blink frogs
  2 dream sheep (Lair:5)
  A centaur simulacrum (D:14)
  Sigmund (D:2)
  7 yaks
  2 hogs (D:12)
  A hog (shapeshifter) (D:14)
  2 wraiths
  A golden eye (shapeshifter) (Orc:2)
  Eustachio (D:4)
  A warg (Orc:2)
  4 vampire mosquitoes
  19 nagas
  6 swamp worms
  A water moccasin (Lair:5)
  A hell hound (D:12)
  7 swamp drakes
  4 orc warriors
  A sky beast (D:6)
  A black bear (D:6)
  3 ogres
  3 wolves (Lair:5)
  2 boggarts (D:15)
  4 centaurs
  3 bullfrogs
  2 necrophages
  7 scorpions
  3 wights
  3 crimson imps (D:3)
  3 jellies (Lair:2)
  3 orc priests
  3 human zombies (Ossuary)
  2 iguanas
  A scorpion zombie (Ossuary)
  Natasha (D:4)
  7 orc wizards
  2 hell rats (Lair:4)
  2 gnolls (D:13)
  3 adders
  A shadow imp (D:6)
  A white imp (D:6)
  A worm (D:3)
  17 orcs
  An endoplasm (D:3)
  3 giant cockroaches
  3 hobgoblins
  2 quokkas
  3 frilled lizards
  A gnoll zombie (Ossuary)
  A goblin (D:3)
  2 hobgoblin zombies (Ossuary)
  7 kobolds
  5 rats
  2 briar patches (Swamp:4)
367 creatures vanquished.

Vanquished Creatures (others)
  A shambling mangrove (Swamp:2)
  A hydra (Swamp:4)
  A naga sharpshooter (Snake:4)
  2 goliath frogs (Swamp:2)
  A boggart (D:15)
  A centaur (D:13)
  60 battlemagi
  8 foxfires (Swamp:2)
  20 fungi
  72 plants
  5 toadstools (D:7)
172 creatures vanquished.

Grand Total: 1335 creatures vanquished

Notes
Turn   | Place    | Note
-------+----------+-------------------------------------------
     0 | D:1      | purpskrrrp the Minotaur Monk began the quest for the Orb.
     0 | D:1      | Reached XP level 1. HP: 19/19 MP: 0/0
   138 | D:1      | Reached XP level 2. HP: 24/27 MP: 1/1
   150 | D:1      | Reached skill level 1 in Armour
   215 | D:1      | Reached skill level 4 in Maces & Flails
   295 | D:1      | Found a faded altar of an unknown god.
   622 | D:1      | Prayed at the altar of an unknown god.
   622 | D:1      | Became a worshipper of Hepliaklqana the Forgotten
   622 | D:1      | Reached * piety under Hepliaklqana
   622 | D:1      | Reached ** piety under Hepliaklqana
   623 | D:1      | Remembered your ancestor Synnove as a battlemage
   741 | D:2      | Reached XP level 3. HP: 29/29 MP: 2/2
   823 | D:2      | Reached *** piety under Hepliaklqana
   923 | D:2      | Reached skill level 1 in Unarmed Combat
   980 | D:2      | Noticed Sigmund
   991 | D:2      | Killed Sigmund
   992 | D:2      | Reached skill level 5 in Maces & Flails
   992 | D:2      | Reached XP level 4. HP: 21/36 MP: 3/3
   992 | D:2      | Reached XP level 5. HP: 25/42 MP: 4/4
  1241 | D:2      | Found Akkuez's Weapon Emporium.
  1287 | D:2      | Found a shimmering altar of Xom.
  1748 | D:3      | Identified the +6 dagger of the Coward {holy, rCorr Str+3}
  1995 | D:3      | Found a shimmering altar of Xom.
  2002 | D:3      | Reached XP level 6. HP: 47/47 MP: 5/5
  2340 | D:3      | Reached skill level 1 in Short Blades
  2424 | D:4      | Reached skill level 6 in Maces & Flails
  2429 | D:4      | Reached skill level 5 in Fighting
  2429 | D:4      | Reached XP level 7. HP: 48/54 MP: 6/6
  2489 | D:4      | Noticed Eustachio
  2511 | D:4      | Killed Eustachio
  2728 | D:4      | Reached skill level 5 in Dodging
  2728 | D:4      | Reached **** piety under Hepliaklqana
  2837 | D:4      | Found a radiant altar of Vehumet.
  2851 | D:4      | Noticed Natasha
  2859 | D:4      | Killed Natasha
  3059 | D:4      | Noticed Natasha
  3065 | D:4      | Killed Natasha
  3066 | D:4      | Reached skill level 7 in Maces & Flails
  3158 | D:4      | Noticed Natasha
  3161 | D:4      | Killed Natasha
  3386 | D:5      | Entered Level 5 of the Dungeon
  3466 | D:5      | Reached XP level 8. HP: 62/62 MP: 7/7
  4333 | D:5      | Found a stormy altar of Qazlal.
  4641 | D:6      | Reached skill level 8 in Maces & Flails
  4660 | D:6      | Reached skill level 5 in Armour
  4827 | D:6      | Reached ***** piety under Hepliaklqana
  4839 | D:6      | Reached XP level 9. HP: 70/70 MP: 8/8
  5864 | D:7      | Found a sand-covered staircase.
  5872 | D:7      | Reached skill level 1 in Shields
  5874 | Ossuary  | Entered an ossuary
  5941 | Ossuary  | Reached skill level 9 in Maces & Flails
  5965 | Ossuary  | Reached skill level 5 in Unarmed Combat
  7159 | D:7      | Identified the +4 ring mail "Irraurom" {rF+ rN+ Str+3}
  7198 | D:7      | Reached skill level 5 in Short Blades
  7270 | D:7      | Identified the +9 mace of Valour {vorpal, Contam rC- Str+8}
  7297 | D:7      | Found a staircase to the Ecumenical Temple.
  7362 | D:7      | Found Vutiywke's Weapon Boutique.
  7428 | D:7      | Found a burning altar of Makhleb.
  7428 | D:7      | Found a sparkling altar of Nemelex Xobeh.
  7640 | D:7      | Reached XP level 10. HP: 71/77 MP: 9/9
  7645 | D:7      | Reached skill level 10 in Maces & Flails
  7899 | D:7      | Gained mutation: You are partially covered in large bone
                  | plates. (SH +4) [potion of mutation]
  7899 | D:7      | Gained mutation: You have sharp toenails. [potion of
                  | mutation]
  7899 | D:7      | Gained mutation: Your spells are a little harder to cast,
                  | but a little more powerful. [potion of mutation]
  8032 | D:8      | Found a shadowy altar of Dithmenos.
  8448 | D:8      | Found an ancient bone altar of Kikubaaqudgha.
  8451 | D:8      | Found a blossoming altar of Fedhas.
  8892 | D:8      | Found Vosuk's Antique Weapon Shop.
  8898 | D:8      | Bought a runed morningstar for 161 gold pieces
  8933 | D:8      | Found a staircase to the Lair.
  8946 | Lair:1   | Entered Level 1 of the Lair of Beasts
  9110 | Lair:1   | Noticed a black mamba
  9113 | Lair:1   | Killed a black mamba
 10254 | Lair:2   | Noticed a black mamba
 10261 | Lair:2   | Killed a black mamba
 10262 | Lair:2   | Reached skill level 11 in Maces & Flails
 10272 | Lair:2   | Found a staircase to the Snake Pit.
 10284 | Lair:2   | Reached skill level 5 in Shields
 10396 | Lair:2   | Noticed a cane toad
 10413 | Lair:2   | Killed a cane toad
 10414 | Lair:2   | Reached XP level 11. HP: 85/85 MP: 10/10
 10571 | Lair:2   | Noticed a six-headed hydra
 10575 | Lair:2   | Killed a six-headed hydra
 10864 | Lair:2   | Reached skill level 12 in Maces & Flails
 10923 | Lair:2   | Found a runed translucent gate.
 10923 | Lair:2   | Found a runed translucent gate.
 10924 | Lair:2   | Found a runed translucent gate.
 10926 | Lair:2   | Noticed Qyacsuop's ghost (journeyman DsAK)
 10928 | Lair:2   | Noticed a great orb of eyes
 11002 | Lair:2   | Reached ****** piety under Hepliaklqana
 11065 | Lair:2   | Noticed a boulder beetle
 11077 | Lair:2   | Killed a boulder beetle
 11544 | Lair:2   | Found a viscous altar of Jiyva.
 11619 | Lair:3   | HP: 4/87 [yak (6)]
 12337 | Lair:3   | Reached skill level 13 in Maces & Flails
 12337 | Lair:3   | Reached XP level 12. HP: 95/95 MP: 11/11
 12596 | Lair:3   | Found a staircase to the Swamp.
 13032 | Lair:4   | Reached skill level 10 in Fighting
 13757 | Lair:5   | Entered Level 5 of the Lair of Beasts
 13757 | Lair:5   | Noticed a seven-headed hydra
 13757 | Lair:5   | Noticed a seven-headed hydra
 13872 | Lair:5   | Reached skill level 14 in Maces & Flails
 13914 | Lair:5   | Noticed a six-headed hydra
 13950 | Lair:5   | Killed a six-headed hydra
 13995 | Lair:5   | Reached skill level 10 in Armour
 13998 | Lair:5   | Killed a seven-headed hydra
 13999 | Lair:5   | Reached XP level 13. HP: 85/102 MP: 12/12
 14011 | Lair:5   | Reached skill level 10 in Dodging
 14391 | Lair:5   | Reached skill level 15 in Maces & Flails
 14606 | Lair:5   | Found a staircase to the Slime Pits.
 15257 | Lair:5   | Reached skill level 10 in Unarmed Combat
 15752 | Lair:5   | Identified the +1 mace of Boruc {speed, *Noise rPois Int+4}
 15827 | Slime:1  | Entered Level 1 of the Pits of Slime
 16272 | Snake:1  | Entered Level 1 of the Snake Pit
 16334 | Snake:1  | You fall into a shaft and drop 1 floor!
 16629 | Snake:1  | Reached skill level 10 in Shields
 16629 | Snake:1  | Reached XP level 14. HP: 88/112 MP: 6/13
 16732 | Snake:1  | Identified the +6 dagger of Gloom {freeze, Dex+2}
 16844 | Snake:1  | Reached skill level 16 in Maces & Flails
 17386 | Snake:1  | Found Kuwefuxt's Book Shoppe.
 17386 | Snake:1  | Found Xobovu's Jewellery Shop.
 17387 | Snake:1  | Found Laasi's Jewellery Shop.
 17530 | Snake:1  | Identified the +1 leather armour of Jiemuhafatz {Str+4}
 17919 | Snake:2  | Found Ipimp's Antique Armour Boutique.
 17921 | Snake:2  | Found Zohys's Armour Boutique.
 17921 | Snake:2  | Found Qyoteun's Assorted Antiques.
 17926 | Snake:2  | Found Hieju's Jewellery Shop.
 20058 | Snake:2  | Noticed a nagaraja
 20071 | Snake:2  | Killed a nagaraja
 21128 | Snake:2  | Reached skill level 17 in Maces & Flails
 22161 | Snake:1  | Bought the ring of Luish {+Blink rC+ EV+4 Str+3 Int-4} for
                  | 878 gold pieces
 22548 | D:9      | Gained mutation: Your magical capacity is low. (-10% MP)
                  | [mutagenic glow]
 23233 | D:10     | Entered Level 10 of the Dungeon
 23420 | D:10     | Reached XP level 15. HP: 120/120 MP: 12/12
 24636 | D:11     | Found a staircase to the Orcish Mines.
 25323 | D:12     | Noticed Nergalle
 25331 | D:12     | Killed Nergalle
 25428 | D:12     | Noticed Kirke
 25458 | D:12     | Killed Kirke
 25485 | D:12     | Noticed Azrael
 25510 | D:12     | Killed Azrael
 26833 | D:13     | Reached skill level 18 in Maces & Flails
 26869 | D:13     | Reached XP level 16. HP: 129/129 MP: 13/13
 27095 | D:14     | Found a gate to the Vaults.
 27648 | D:14     | Identified the +9 great mace of Jaosa {spect, Int+5}
 28342 | D:15     | Entered Level 15 of the Dungeon
 28447 | D:15     | Reached skill level 19 in Maces & Flails
 28476 | D:15     | Found a staircase to the Depths.
 28556 | D:15     | Reached XP level 17. HP: 96/136 MP: 14/14
 29079 | D:15     | Found an iron altar of Okawaru.
 29385 | Depths:1 | Entered Level 1 of the Depths
 29522 | Orc:1    | Entered Level 1 of the Orcish Mines
 30431 | Orc:2    | Entered Level 2 of the Orcish Mines
 30431 | Orc:2    | Found a staircase to the Elven Halls.
 30444 | Orc:2    | Found Fekhlirucu's Armour Emporium.
 31197 | Orc:2    | Noticed Rupert
 31211 | Orc:2    | Killed Rupert
 31459 | Orc:2    | Noticed Donald
 31462 | Orc:2    | Noticed Urug
 31468 | Orc:2    | Killed Donald
 31472 | Orc:2    | Killed Urug
 31650 | Orc:2    | Paralysed by an orc sorcerer for 3 turns
 31878 | Orc:2    | Gained mutation: You occasionally lose the ability to drink
                  | potions when taking damage. [a neqoxec]
 31885 | Orc:2    | Found Liffeg Entof's Assorted Antiques.
 31885 | Orc:2    | Found Bahoak's Book Shop.
 31887 | Orc:2    | Found Riots's General Store.
 31887 | Orc:2    | Found Mefreel's General Store.
 31912 | Orc:2    | Bought a scroll of poison for 52 gold pieces
 31912 | Orc:2    | Bought a potion of heal wounds for 65 gold pieces
 31915 | Orc:2    | Bought a scroll of fear for 136 gold pieces
 31915 | Orc:2    | Bought a scroll of enchant armour for 255 gold pieces
 32310 | Elf:1    | Entered Level 1 of the Elven Halls
 32717 | Snake:3  | Reached skill level 20 in Maces & Flails
 33443 | Snake:4  | Entered Level 4 of the Snake Pit
 33629 | Snake:4  | Noticed Aizul
 33639 | Snake:4  | Killed Aizul
 34154 | Snake:4  | Noticed Mlioglotl
 34175 | Snake:4  | Killed Mlioglotl
 34185 | Snake:4  | Reached skill level 15 in Fighting
 35735 | Snake:4  | Identified the +2 pair of gloves of Qeaclale {+Inv rF+
                  | Int-5}
 35735 | Snake:4  | Noticed Nikola
 36156 | Snake:4  | Reached XP level 18. HP: 144/146 MP: 15/15
 36824 | Snake:4  | Killed Nikola
 38013 | Snake:4  | Reached skill level 15 in Armour
 38086 | Snake:4  | Reached skill level 21 in Maces & Flails
 38710 | Snake:4  | Got a serpentine rune of Zot
 38863 | Snake:2  | Bought a runed plate armour for 650 gold pieces
 38989 | Swamp:1  | Entered Level 1 of the Swamp
 40023 | Swamp:1  | Reached skill level 1 in Invocations
 40765 | Swamp:1  | Found a blossoming altar of Fedhas.
 41710 | Swamp:2  | Identified the +1 dagger of Mayhem {freeze, *Noise rC++ rN+
                  | Int+3}
 42911 | Swamp:4  | Entered Level 4 of the Swamp
 43229 | Swamp:4  | Reached XP level 19. HP: 154/154 MP: 18/18
 44426 | Swamp:4  | Reached skill level 15 in Shields
 44723 | Swamp:4  | Identified the +9 quarterstaff "Imicykhlu" {holy, Int+5
                  | Dex-4}
 44800 | Swamp:4  | Got a decaying rune of Zot
 44837 | Swamp:4  | Reached skill level 15 in Dodging
 45570 | Lair:2   | Reached skill level 22 in Maces & Flails
 45573 | Lair:2   | Killed Qyacsuop's ghost
 45862 | Vaults:1 | Entered Level 1 of the Vaults
 47706 | Vaults:1 | Reached skill level 15 in Unarmed Combat
 48083 | Vaults:1 | Reached skill level 5 in Invocations
 48762 | Vaults:1 | Found Huhaih's Book Shoppe.
 48903 | Vaults:2 | Noticed Sojobo
 48917 | Vaults:2 | Killed Sojobo
 49281 | Vaults:2 | Reached XP level 20. HP: 139/163 MP: 20/20
 49712 | Vaults:2 | Found Ossydgh's General Store.
 49818 | Vaults:2 | HP: 8/164 [ironbound frostheart/creeping frost (29)]
 50243 | Vaults:2 | Lost mutation: You occasionally lose the ability to drink
                  | potions when taking damage. [potion of mutation]
 50243 | Vaults:2 | Lost mutation: You have sharp toenails. [potion of
                  | mutation]
 50243 | Vaults:2 | Lost mutation: Your magical capacity is low. (-10% MP)
                  | [potion of mutation]
 50243 | Vaults:2 | Gained mutation: You are partially covered in iridescent
                  | scales. (AC +2) [potion of mutation]
 50243 | Vaults:2 | Gained mutation: Your muscles are strong. (Str +4, Int/Dex
                  | -1) [potion of mutation]
 50243 | Vaults:2 | Gained mutation: Armour fits poorly on your strangely
                  | shaped body. [potion of mutation]
 50244 | Vaults:2 | Lost mutation: Your spells are a little harder to cast, but
                  | a little more powerful. [potion of mutation]
 50244 | Vaults:2 | Lost mutation: You are partially covered in large bone
                  | plates. (SH +4) [potion of mutation]
 50244 | Vaults:2 | Gained mutation: You are mostly covered in iridescent
                  | scales. (AC +4) [potion of mutation]
 50244 | Vaults:2 | Gained mutation: Your mind is acute. (Int +4, Str/Dex -1)
                  | [potion of mutation]
 50325 | Vaults:2 | Noticed Mara
 50326 | Vaults:2 | Noticed purpskrrrp's illusion
 50361 | Vaults:1 | Noticed purpskrrrp's illusion
 50362 | Vaults:1 | Killed Mara
 50621 | Vaults:2 | Found Seuserch's Distillery.
 50631 | Vaults:2 | Bought a potion of heal wounds for 95 gold pieces
 50631 | Vaults:2 | Bought a potion of curing for 57 gold pieces
 50631 | Vaults:2 | Bought a potion of invisibility for 152 gold pieces
 50790 | Vaults:2 | Reached skill level 23 in Maces & Flails
 50815 | Vaults:2 | HP: 7/164 [tengu reaver/+2 broad axe of freezing[Sojobo]
                  | (24)]
 51774 | Vaults:2 | Lost mutation: Your mind is acute. (Int +4, Str/Dex -1)
                  | [potion of mutation]
 51774 | Vaults:2 | Lost mutation: You are mostly covered in iridescent scales.
                  | (AC +4) [potion of mutation]
 51774 | Vaults:2 | Lost mutation: You are partially covered in iridescent
                  | scales. (AC +2) [potion of mutation]
 51774 | Vaults:2 | Gained mutation: You occasionally lose the ability to drink
                  | potions when taking damage. [potion of mutation]
 51774 | Vaults:2 | Gained mutation: You have large cloven feet. [potion of
                  | mutation]
 51775 | Vaults:2 | Lost mutation: You have large cloven feet. [potion of
                  | mutation]
 51775 | Vaults:2 | Lost mutation: Armour fits poorly on your strangely shaped
                  | body. [potion of mutation]
 51775 | Vaults:2 | Lost mutation: You occasionally lose the ability to drink
                  | potions when taking damage. [potion of mutation]
 51775 | Vaults:2 | Gained mutation: You occasionally shout uncontrollably at
                  | your foes. [potion of mutation]
 51775 | Vaults:2 | Gained mutation: You have sharp fingernails. [potion of
                  | mutation]
 51775 | Vaults:2 | Gained mutation: You have hidden genetic potential. [potion
                  | of mutation]
 52338 | Vaults:2 | Identified the +6 scale mail "Dahigatokk" {rElec Str+4}
 52409 | Vaults:2 | Found Furin's Weapon Shop.
 52693 | Vaults:3 | HP: 5/165 [orc warlord/+3 vorpal long sword (40)]
 52693 | Vaults:3 | Slain by an orc warlord

Illustrated notes

Levels and vault maps discovered:
D:1:      spicycebolla_arrival_xxxplode, layout_basic,
          dilly_ecumenical_altar_fadedgnrine
D:2:      layout_basic, serial_shops, nicolae_shop_bloodbath_and_beyond,
          basic_altar, uniq_sigmund
D:3:      layout_basic, led_xom_imps, serial_bayou_pond_c
D:4:      layout_loops_ring, vehumet_crystals, uniq_eustachio, uniq_natasha
D:5:      layout_cave_pods, nicolae_qazlal_eye_of_the_storm
D:6:      layout_layer_cave
D:7:      layout_basic, gammafunk_temple_overflow_wave,
          minmay_temple_entry_waves, nicolae_ossuary_entry_monument,
          serial_shops, shop, grunt_ministairs_7, minmay_gold_behind_fungi
D:8:      layout_basic, grunt_temple_overflow_growth_and_decay,
          nicolae_dithmenos_shadow_blocks, serial_shops, kennysheep_little_box
D:9:      layout_grid_maze
D:10:     layout_basic, chequers_serial_rivers_micro_c
D:11:     layout_stronghold, erik_orc_1
D:12:     layout_small_grid, minmay_dual_archer_statues, uniq_nergalle,
          uniq_kirke, uniq_azrael
D:13:     layout_cave_pools, kennysheep_generic_room_13
D:14:     layout_irregular_city, erik_vaults_2, nrook_uturn, grunt_potential
D:15:     hangedman_depths_entry_civil_slaughter, layout_grid_maze,
          okawaru_trees_2
Lair:1:   layout_long_grid
Lair:2:   layout_roguey, guppyfry_snake_entry_island, gammafunk_ghost_ooze,
          hangedman_lair_unloving_vines, serial_bayou_shore_b
Lair:3:   layout_hall_layers, skrybe_swamp_entry_bodies,
          minmay_stone_trees_medium, dreamdust_mushroom_princess
Lair:4:   layout_big_grid
Lair:5:   evilmike_catoblepas_cave, layout_gridlike, slime_entry_1,
          chequers_serial_rivers_micro_e, dpeg_oklob_1, lemuel_fruit_fields
Swamp:1:  layout_basic_swamp, portal_ice_cave_entry_pillars_1,
          lemuel_altar_in_water, swamp_pool2, st_swamp_ruins_3
Swamp:2:  layout_falls_marsh, hangedman_swamp_ruin_wall
Swamp:3:  layout_falls_marsh, serial_swamp_ruin, evilmike_swamp_ruin_house_3,
          evilmike_swamp_ruin_rubble_2
Swamp:4:  swamp_alternative, layout_basic_swamp
Snake:1:  layout_layer_cave, minmay_shop_grove
Snake:2:  kennysheep_snake, layout_grid_maze, st_stairs_13, serial_bayou_pond_d,
          minmay_shoptagon
Snake:3:  layout_rooms
Snake:4:  minmay_snake_end_coiled, layout_gridlike,
          nrook_guardian_serpent_ordinary, uniq_mlioglotl, uniq_aizul,
          uniq_nikola
Slime:1:  layout_caves
Orc:1:    layout_caves, elf_legates
Orc:2:    grunt_orc_tribal_feast, layout_caves, serial_shops, shop,
          guppyfry_orc_lava_fort, uniq_rupert, uniq_donald, uniq_urug
Elf:1:    layout_geoelf_diagonals, serial_shops, nicolae_shop_statue_plus,
          minivault_28, minmay_misc_feat_ornament,
          amcnicky_mini_rare_corridor_liquid, nicolae_elf_m_pinch, uniq_agnes
Vaults:1: vaults_mumra_minichess_inversion, v_misc_12, v_alt_pattern_3,
          vaults_room_door_hall, ontoclasm_vaults_claustrophobia, v_misc_5,
          vaults_room_hangedman_quadrants, vaults_dpeg_emergency_exit,
          layout_vaults_omnigrid, serial_shops, shop_statue
Vaults:2: infiniplex_enter_wizlab_water, v_alt_pattern_6, grunt_vaults_diagonal,
          dpeg_vaults_monster_box, st_quartered_hall, serial_ice_h,
          vaults_room_octagon, nicolae_vaults_network_periphery,
          vaults_dpeg_hooks, v_misc_14, vaults_room_stairs_pillars,
          nicolae_vaults_little_squares_6, nicolae_vaults_little_squares_4,
          ontoclasm_vaults_shuriken, layout_vaults_ring, serial_shops,
          shop_fountains, nicolae_shop_statue_plus, nicolae_shop_crystal,
          uniq_sojobo, uniq_mara
Vaults:3: advil_vaults_ghost_lines, hangedman_vaults_impose,
          vaults_room_fancy_cross, minmay_crypt_entry_simple_statues, v_misc_8,
          vaults_room_fancy_cross, v_alt_pattern_4, ontoclasm_vaults_eye,
          hangedman_vaults_variations, nicolae_vaults_network_s,
          nicolae_vaults_what_the_h, vaults_dpeg_ring, layout_vaults_omnicross,
          uniq_margery
Depths:1: evilmike_marble_ring, layout_cave_shapes, grunt_pan_entry_sceptre,
          solitary_fountain, grunt_mini_vestibule, serial_shops,
          nicolae_shop_window_shopping, kennysheep_vampire_church, firewood_loft

Skill      XL: |  1  2  3  4  5  6  7  8  9 10 11 12 13 14 15 16 17 18 19 20 |
---------------+-------------------------------------------------------------+-----
Armour         | 1 2 3 4 5 6 7 8 10 11 12 13 14 15 16 | 16.7
Maces & Flails | 4 5 6 7 8 9 11 13 14 15 17 18 19 20 21 22 23 | 23.3
Unarmed Combat | 2 3 4 5 6 8 9 10 11 12 13 14 15 | 15.5
Fighting       | 4 5 6 7 8 9 10 11 12 13 14 15 16 17 | 17.1
Dodging        | 4 5 6 7 8 9 10 11 12 13 14 15 | 15.9
Short Blades   | 1 2 4 5 |  5.1
Shields        | 3 5 7 8 10 11 12 13 14 15 16 | 16.1
Invocations    | 3 5 6 |  6.3
Stealth        | |  1.5

Action                   |  1- 3 |  4- 6 |  7- 9 | 10-12 | 13-15 | 16-18 | 19-21 || total
-------------------------+-------+-------+-------+-------+-------+-------+-------++-------
Melee: Mace              |    50 |    24 |     9 |   328 |   466 |       |       ||   877
       Headbutt          |     7 |    10 |    55 |    71 |   187 |   241 |   185 ||   756
       Dagger            |       |    27 |   213 |       |       |       |       ||   240
       Punch             |       |     2 |     4 |       |       |       |       ||     6
       Kick              |       |       |       |     9 |       |       |       ||     9
       Morningstar       |       |       |       |       |   266 |   143 |       ||   409
       Great mace        |       |       |       |       |       |   146 |       ||   146
       Eveningstar       |       |       |       |       |       |   679 |   550 ||  1229
Throw: Throwing net      |       |       |       |       |     2 |       |       ||     2
       Javelin           |       |       |       |       |       |     1 |     9 ||    10
Invok: Ancestor Life: Ba |     1 |       |       |       |       |       |       ||     1
       Recall Ancestor   |       |       |       |     1 |     3 |     1 |       ||     5
Evoke: Wand              |       |       |       |       |       |    47 |       ||    47
       Phantom mirror    |       |       |       |       |       |       |     1 ||     1
  Use: Scroll            |       |     2 |     5 |    24 |    12 |    11 |    16 ||    70
       Potion            |       |       |     1 |     8 |     8 |    14 |    14 ||    45
 Stab: Sleeping          |     5 |     5 |     2 |     2 |     1 |       |       ||    15
       Distracted        |       |     2 |     4 |    11 |    12 |    16 |     8 ||    53
       Confused          |       |       |       |       |       |     2 |       ||     2
Armor: Robe              |     8 |     3 |     1 |       |       |       |       ||    12
       Leather armour    |       |       |    19 |     2 |       |       |       ||    21
       Ring mail         |       |       |       |    71 |   107 |   175 |    38 ||   391
       Swamp dragon scal |       |       |       |       |       |       |    86 ||    86
       Scale mail        |       |       |       |       |       |       |    10 ||    10
Dodge: Dodged            |    28 |    25 |   159 |   178 |   324 |   785 |   523 ||  2022
Block: Buckler           |       |       |    21 |   129 |   134 |       |       ||   284
       Kite shield       |       |       |       |       |   344 |   717 |   525 ||  1586
       Reflection        |       |       |       |       |       |    73 |    42 ||   115
       Other             |       |       |       |       |       |    17 |       ||    17

Table legend: (Time is in decaauts)
 A = Elapsed time spent in this place.
 B = Non-inter-level travel time spent in this place.
 C = Inter-level travel time spent in this place.
 D = Time resting spent in this place.
 E = Time spent auto-exploring this place.
 F = Levels seen in this place.
 G = Mean time per level.
                   A        B        C        D        E       F      G
               +--------+--------+--------+--------+--------+-----+--------+
         Total |  52515 |  45314 |   7201 |  15843 |  20677 |  37 | 1419.3 |
       Dungeon |  15986 |  14584 |   1402 |   1547 |  10621 |  15 | 1065.7 |
          Lair |   8477 |   7388 |   1089 |   2043 |   3703 |   5 | 1695.4 |
         Swamp |   5658 |   4915 |    743 |   2138 |   1974 |   4 | 1414.5 |
     Snake Pit |  12215 |  10452 |   1763 |   6148 |   2234 |   4 | 3053.8 |
    Slime Pits |     10 |     10 |      0 |      0 |      0 |   1 |   10.0 |
  Orcish Mines |   2499 |   2398 |    101 |    674 |   1177 |   2 | 1249.5 |
   Elven Halls |      5 |      5 |      0 |      0 |      0 |   1 |    5.0 |
        Vaults |   6738 |   4637 |   2101 |   2895 |    672 |   3 | 2246.0 |
        Depths |     28 |     28 |      0 |      0 |      0 |   1 |   28.0 |
       Ossuary |    895 |    895 |      0 |    396 |    295 |   1 |  895.0 |
               +--------+--------+--------+--------+--------+-----+--------+

Top non-repeatable levels by time:
 Snake:4: 3981 daAuts
 Snake:2: 3929 daAuts
Vaults:1: 3494 daAuts
Vaults:2: 3046 daAuts
 Swamp:3: 2257 daAuts
  Lair:5: 2257 daAuts
 Snake:3: 2256 daAuts
  Lair:3: 2165 daAuts
  Lair:2: 2079 daAuts
 Snake:1: 2048 daAuts
    D:11: 1814 daAuts
     D:7: 1517 daAuts
    D:14: 1376 daAuts
   Orc:2: 1359 daAuts
     D:6: 1289 daAuts
